Map: King Sejong Station LE

Players

Fropez

  • Race: Protoss Protoss
  • League: Gold
  • Spawn Location: 5:00

Wonky - Winner!

  • Race: Terran Terran
  • League: Gold
  • Spawn Location: 11:00

VOD

Have the link to the VOD?

Description

Time

  • Played on: Sept. 12, 2016, 11:29 a.m.
  • Length: 14:41
Show
View Real Time Build Order
Export as new Build Order

Fropez Protoss 

Build Orders: Nexus First 

Get SALT Encoding   

  12  0:01  Probe (Chrono Boost)  
  13  0:18  Probe (Chrono Boost)  
  13  0:20  Pylon  
  14  0:28  Probe (Chrono Boost)  
  15  0:39  Probe (Chrono Boost)  
  16  0:57  Nexus  
  17  1:11  Probe (Chrono Boost)  
  17  1:14  Gateway  
  17  1:18  Assimilator  
  17  1:21  Probe (Chrono Boost)  
  18  1:32  Probe (Chrono Boost)  
  19  1:36  Assimilator  
  19  1:43  Probe (Chrono Boost)  
  20  1:53  Probe (Chrono Boost)  
  21  1:54  Pylon  
  21  2:11  Probe (Chrono Boost)  
  21  2:15  Cybernetics Core  
  22  2:16  Probe (Chrono Boost)  
  22  2:22  Probe (Chrono Boost)  
  24  2:26  Probe (Chrono Boost)  
  24  2:27  Forge  
  25  2:32  Probe (Chrono Boost)  
  26  2:39  Probe (Chrono Boost)  
  26  2:42  Gateway  
  27  2:48  Pylon  
  28  2:53  Stalker (Chrono Boost)  
  27  3:04  Probe  
  26  3:12  Probe  
  26  3:15  Warp Gate (Chrono Boost)  
  26  3:19  Stalker  
  27  3:36  Probe  
  28  3:44  Assimilator  
  28  3:46  Probe  
  28  3:48  Assimilator  
  29  3:49  Stalker  
  29  3:51  Stalker  
  33  3:57  Probe  
  33  3:59  Twilight Council  
  34  4:13  Probe  
  35  4:18  Robotics Facility  
  35  4:35  Blink (Chrono Boost)  
  35  4:39  Pylon  
  34  4:48  Probe  
  34  4:50  Probe  
  36  5:01  Probe (Chrono Boost)  
  36  5:05  Warp Prism (Chrono Boost)  
  39  5:17  Pylon, Probe  
  39  5:19  Pylon  
  40  5:23  Probe  
  41  5:29  Stalker  
  43  5:37  Stalker  
  45  5:45  Probe  
  45  5:48  Mothership Core  
  48  6:09  Pylon  
  48  6:32  Stalker x2  
  48  6:48  Probe  
  48  6:51  Immortal (Chrono Boost)  
  51  6:55  Sentry  
  51  6:56  Sentry  
  55  7:06  Gateway  
  55  7:10  Resonating Glaives, Gateway  
  55  7:13  Gateway  
  55  7:16  Gateway  
  55  7:17  Gateway  
  55  7:24  Probe  
  55  7:25  Probe  
  61  7:30  Immortal (Chrono Boost)  
  61  7:47  Pylon  
  61  7:49  Pylon  
  59  7:53  Probe  
  59  7:57  Probe  
  61  8:07  Immortal (Chrono Boost)  
  61  8:12  Adept x3  
  65  8:20  Probe  
  65  8:21  Probe  
  65  8:26  Adept x2  
  64  9:08  Probe  
  64  9:09  Probe  
  66  9:15  Pylon  
  66  9:18  Pylon  
  66  9:20  Pylon  
  66  9:21  Pylon  
  66  9:25  Pylon, Probe x2  
  66  9:31  Dark Shrine  
  68  9:40  Nexus  
  68  9:41  Pylon  
  68  10:00  Adept x5, Probe  
  68  10:01  Adept, Probe  
  83  10:13  Immortal (Chrono Boost)  
  86  10:14  Probe  
  87  10:27  Pylon  
  87  10:29  Probe  
  88  10:40  Adept x5  
  96  10:57  Pylon  
  96  11:00  Pylon  
  96  11:02  Stalker  
  96  11:03  Stalker x2  
  102  11:05  Mothership Core  
  102  11:18  Dark Templar x3  
  108  11:27  Probe  
  108  11:28  Probe x2  
  111  11:37  Gateway  
  111  11:38  Probe x2, Gateway  
  113  11:48  Probe  
  113  11:53  Immortal (Chrono Boost)  
  118  12:06  Probe  
  118  12:08  Forge  
  119  12:10  Assimilator, Gateway  
  119  12:15  Assimilator  
  119  12:19  Templar Archives  
  119  12:22  Dark Templar x3  
  123  12:51  Dark Templar x2  
  123  12:52  Dark Templar x3  
  47  13:44  Dark Templar x4  
  49  13:56  Dark Templar x3  
  35  14:24  Dark Templar  
Show
View Real Time Build Order
Export as new Build Order

Wonky Terran - Winner!

Build Orders: Reaper Expand, MMM Bio 

Get SALT Encoding   

  12  0:02  SCV  
  13  0:19  Supply Depot  
  13  0:20  SCV  
  14  0:32  SCV  
  15  0:44  SCV  
  15  0:48  Barracks  
  16  0:55  Refinery  
  16  0:56  SCV  
  17  1:06  Barracks  
  17  1:09  SCV  
  18  1:21  SCV  
  19  1:39  Reaper  
  20  1:40  Orbital Command  
  20  2:03  Command Center  
  20  2:06  SCV  
  21  2:20  Marine  
  22  2:25  Supply Depot  
  22  2:29  Refinery  
  22  2:32  Factory  
  22  2:35  Marine  
  23  2:48  Marine  
  24  2:55  Marine  
  24  2:56  SCV  
  26  3:09  Marine, SCV  
  28  3:13  Marine  
  29  3:26  SCV  
  30  3:27  Marine  
  30  3:31  Marine  
  32  3:38  Orbital Command  
  32  3:51  Command Center  
  32  3:52  Factory Tech Lab  
  32  3:54  Barracks Tech Lab  
  32  3:55  Supply Depot  
  32  4:01  Barracks Reactor, SCV  
  33  4:07  SCV  
  34  4:13  SCV  
  35  4:17  Refinery  
  35  4:19  SCV  
  36  4:29  SCV  
  36  4:30  Siege Tank  
  40  4:31  Marine  
  41  4:39  Supply Depot  
  41  4:40  Marine  
  41  4:41  Marine  
  41  4:45  Stimpack  
  43  4:49  Marine  
  43  4:50  SCV  
  45  5:06  Barracks  
  45  5:07  Marine x2  
  47  5:15  Marine  
  47  5:19  Siege Tank  
  51  5:25  Starport  
  51  5:29  Engineering Bay  
  51  5:30  SCV  
  52  5:36  Supply Depot  
  52  5:42  SCV  
  53  5:43  Orbital Command  
  53  5:48  Marine x2  
  54  5:59  Marine x2  
  53  6:05  Marine  
  53  6:06  Marine  
  53  6:10  Medivac  
  56  6:15  SCV x2  
  56  6:17  Marine  
  59  6:19  Missile Turret  
  59  6:22  Missile Turret  
  57  6:32  Supply Depot  
  54  6:41  Marine x4  
  58  6:47  Liberator  
  58  6:51  SCV x2  
  60  6:59  Supply Depot  
  60  7:05  Marine x2  
  60  7:06  Marine  
  60  7:07  Combat Shields  
  66  7:08  SCV x2  
  66  7:12  Barracks  
  66  7:13  Barracks  
  68  7:15  Barracks  
  68  7:18  Supply Depot  
  68  7:24  SCV x2  
  68  7:29  Refinery  
  70  7:30  SCV  
  70  7:31  Marine x2  
  70  7:32  Supply Depot  
  70  7:36  Barracks Reactor  
  73  7:46  Marine  
  73  7:48  Marine  
  73  7:49  Marine  
  76  7:53  SCV x2  
  76  7:58  SCV  
  79  7:59  Terran Infantry Weapons Level 1  
  79  8:04  Marine, Armory  
  80  8:05  Engineering Bay  
  80  8:06  Marine  
  80  8:07  Starport Reactor  
  80  8:08  Marine x3  
  80  8:09  Marine  
  85  8:19  Supply Depot  
  85  8:21  Marine  
  85  8:22  Supply Depot  
  85  8:24  Marine  
  83  8:43  Marine  
  83  8:44  Marine x5  
  84  8:54  Marine x2  
  79  9:01  Marine  
  68  9:07  Marine x3  
  68  9:08  Marine x2  
  73  9:10  Medivac x2  
  73  9:11  Siege Tank, Marine  
  73  9:12  Marauder  
  83  9:19  Marine  
  84  9:25  Marine x3  
  87  9:32  Sensor Tower  
  87  9:34  Barracks Reactor, Marauder  
  87  9:35  Barracks Tech Lab  
  89  9:39  Marine  
  89  9:40  Marine, Medivac x2  
  89  9:42  SCV x2  
  89  9:43  Marine, Siege Tank  
  101  9:48  Supply Depot  
  101  9:49  Supply Depot  
  101  9:53  Marine x2  
  101  9:55  Marauder  
  105  10:11  Marine x2  
  105  10:12  Marine  
  108  10:28  Marine x3  
  108  10:29  Marine  
  108  10:32  Marine x3  
  108  10:33  Marine x2  
  108  10:46  Marine x3  
  106  11:10  Marine  
  106  11:11  Marine x3  
  108  11:14  SCV x3  
  112  11:21  Barracks  
  112  11:22  Barracks  
  112  11:23  Terran Infantry Weapons Level 2  
  112  11:24  Barracks  
  112  11:26  Terran Infantry Armor Level 1  
  112  11:28  Medivac x2  
  112  11:30  Concussive Shells  
  112  11:31  Marine, Marauder x2  
  121  11:34  Refinery  
  121  11:37  Marine x2  
  121  11:39  Marine x3  
  125  11:40  Marine, SCV x2  
  125  11:41  SCV  
  130  11:47  Liberator x2  
  130  11:53  Marauder x2  
  134  11:56  Sensor Tower  
  134  12:06  SCV x2  
  142  12:11  Marine x2  
  142  12:12  Marine x5  
  142  12:13  Supply Depot  
  149  12:22  Supply Depot  
  149  12:24  Supply Depot  
  149  12:25  Supply Depot  
  149  12:34  Marine x7  
  159  12:44  Marauder x2  
  152  12:52  Marine x3  
  152  12:53  Marine  
  144  13:05  Marauder  
  144  13:06  Marine x6, Marauder  
  144  13:10  Marine  
  151  13:13  Marine x3  
  148  13:24  Marine x6  
  148  13:26  Marine x2  
  155  13:28  Marine  
  155  13:31  Marine x3  
  159  13:39  Refinery  
  156  13:41  Marine  
  156  13:42  Marine x5  
  156  13:44  Marine x2  
  156  13:46  Marine  
  165  13:50  Marine x3  
  161  13:59  Marine x2  
  163  14:06  Marine x2  
  165  14:12  Marine x2  
  165  14:14  Marine  
  163  14:21  Marine x3  
  163  14:22  Marine  
  157  14:25  Command Center  
Tags
 
Add a new tag
Caveats
  • Supply blocks, unpowered buildings, or Contaminate may cause inaccurate times.
  • Supply counts are checked every 10 seconds.